 Dungeon Crawl Stone Soup version 0.29-a0-284-gf9362112df (webtiles) character file.

Game seed: 11079335860666867328

647 pokeman the Thaumaturge (level 7, -5/39 HPs)
             Began as a Deep Elf Hedge Wizard on Mar 27, 2022.
             Slain by an ice beast (14 damage)
             ... on level 4 of the Dungeon.
             The game lasted 00:10:57 (5168 turns).

pokeman the Thaumaturge (Deep Elf Hedge Wizard)     Turns: 5168, Time: 00:10:58

Health: -5/39      AC:  7    Str:  7    XL:     7   Next: 27%
Magic:  5/20       EV: 12    Int: 21    God:
Gold:   160        SH:  0    Dex: 14    Spells: 11/22 levels left

rFire   . . .      SeeInvis .   z - +2 dagger (venom)
rCold   . . .      Faith    .   (no shield)
rNeg    . . .      Spirit   .   p - +0 leather armour
rPois   .          Reflect  .   n - +1 helmet
rElec   .          Harm     .   y - +0 cloak
rCorr   .          Rampage  .   (no gloves)
Will    .....                   o - +0 pair of boots
Stlth   ++........              (no amulet)
HPRegen 0.13/turn               (no ring)
MPRegen 0.17/turn               (no ring)

@: no status effects
A: no striking features
a: no special abilities


You were on level 4 of the Dungeon.
You visited 1 branch of the dungeon, and saw 4 of its levels.

You collected 160 gold pieces.

Inventory:

Hand Weapons
 x - a +3 flail of holy wrath
 z - a +2 dagger of venom (weapon)
Missiles
 c - 2 throwing nets
Armour
 n - a +1 helmet (worn)
 o - a +0 pair of boots (worn)
 p - a +0 leather armour (worn)
 y - a +0 cloak (worn)
Magical Staves
 i - a staff of cold
Jewellery
 j - a ring of ice
Wands
 u - a wand of flame (2)
Scrolls
 a - a scroll of blinking {unknown}
 b - 2 scrolls of enchant armour {unknown}
 e - 2 scrolls of identify {unknown}
 f - 2 scrolls of fear {unknown}
 g - 2 scrolls of fog {unknown}
 l - 2 scrolls of vulnerability {unknown}
 m - a scroll of enchant weapon {unknown}
 q - a scroll of immolation {unknown}
 s - a scroll of noise {unknown}
 t - 2 scrolls of teleportation {unknown}
 w - a scroll of magic mapping {unknown}
Potions
 d - a potion of magic
 h - 2 potions of heal wounds {unknown}
 k - 2 potions of resistance {unknown}
 r - a potion of flight {unknown}
 v - 2 potions of haste {unknown}


   Skills:
 + Level 1.7 Fighting
 - Level 1.0 Armour
 - Level 3.0 Dodging
 - Level 3.1 Stealth
 * Level 8.0 Spellcasting
 + Level 3.9 Conjurations
 - Level 1.1 Summonings
 - Level 1.1 Translocations
 + Level 1.4 Fire Magic
 - Level 1.4 Ice Magic
 - Level 1.0 Air Magic
 - Level 1.2 Poison Magic
 - Level 1.0 Evocations


You had 11 spell levels left.
You knew the following spells:

 Your Spells              Type           Power      Damage    Failure   Level
a - Magic Dart            Conj           96%        1d7       2%          1
b - Mephitic Cloud        Conj/Pois/Air  16%        N/A       16%         3
c - Call Imp              Summ           13%        N/A       11%         2
d - Blink                 Tloc           26%        N/A       11%         2
e - Conjure Flame         Conj/Fire      19%        6-21      12%         3

Your spell library contained the following spells:

 Spells                   Type           Power      Damage    Failure   Level
 Slow                     Hex            32%        N/A       12%         1
 Ignite Poison            Fire/Tmut/Pois 12%        N/A       24%         3
 Sticky Flame             Conj/Fire      19%        2d4       36%         4


Dungeon Overview and Level Annotations

Branches:
Dungeon (4/15)
 Temple: D:4-7

Altars:
Cheibriados
The Shining One


Message History

Confirm with . or Enter, or press ? or * to list all spells.
Aiming: Magic Dart (safe; 2% risk of failure)
Press: ? - help, Shift-Dir - straight line, f/p - ice beast
Aim: an ice beast (heavily wounded, 100% to hit)
The magic dart hits the ice beast.
The ice beast is severely wounded.
Casting: Magic Dart (safe; 2% risk of failure)
Confirm with . or Enter, or press ? or * to list all spells.
Aiming: Magic Dart (safe; 2% risk of failure)
Press: ? - help, Shift-Dir - straight line, f/p - ice beast
Aim: an ice beast (severely wounded, 100% to hit)
The magic dart hits the ice beast.
The ice beast is severely wounded.
Casting: Magic Dart (safe; 2% risk of failure)
Confirm with . or Enter, or press ? or * to list all spells.
Aiming: Magic Dart (safe; 2% risk of failure)
Press: ? - help, Shift-Dir - straight line, f/p - ice beast
Aim: an ice beast (severely wounded, 100% to hit)
The magic dart hits the ice beast but does no damage.
The ice beast is severely wounded.
Casting: Magic Dart (safe; 2% risk of failure)
Confirm with . or Enter, or press ? or * to list all spells.
Aiming: Magic Dart (safe; 2% risk of failure)
Press: ? - help, Shift-Dir - straight line, f/p - ice beast
Aim: an ice beast (severely wounded, 100% to hit)
The magic dart hits the ice beast but does no damage.
The ice beast is severely wounded.
The ice beast hits you. The ice beast freezes you!
* * * LOW HITPOINT WARNING * * *
Casting: Magic Dart (safe; 2% risk of failure)
Confirm with . or Enter, or press ? or * to list all spells.
Aiming: Magic Dart (safe; 2% risk of failure)
Press: ? - help, Shift-Dir - straight line, f/p - ice beast
Aim: an ice beast (severely wounded, 100% to hit)
The magic dart hits the ice beast but does no damage.
The ice beast is severely wounded.
The ice beast hits you.
* * * LOW HITPOINT WARNING * * *
The ice beast freezes you!
You die...

#...##..##8Y......_
#..................
##......#....#.....
#.......###########
#...........#.....#
#...........#>....#
#..........)'.....# ####
##.###+###Y######.#
#....##.###.###@###.##.###
......)..#...#......#....+...#
.........#...#......+....#...+
.........'...#......#....#...#
#.......##'###.)##..##..##...#
#.......##..##..##..##..##...#
.........#..#.......#...##...#
.........#..#.......+[..##...##
#.......##..##..##..##........#


You could see an ice beast.

Vanquished Creatures
  Edmund (D:4)
  Pargi (D:3)
  A phantom (D:4)
  A jelly (D:4)
  An iguana (D:4)
  Terence (D:3)
  Natasha (thrice) (D:3)
  A mummy (D:4)
  Robin (D:2)
  4 gnolls (D:3)
  3 adders (D:2)
  2 worms (D:3)
  2 dart slugs
  8 orcs
  7 bats
  2 endoplasms (D:1)
  2 giant cockroaches
  6 goblins
  10 hobgoblins
  7 jackals
  A quokka (D:1)
  9 ball pythons
  5 frilled lizards
  7 kobolds
  6 rats
92 creatures vanquished.

Vanquished Creatures (collateral kills)
  A jackal (D:4)
  A quokka (D:3)
2 creatures vanquished.

Vanquished Creatures (others)
  4 fungi (D:2)
  A plant (D:2)
5 creatures vanquished.

Grand Total: 99 creatures vanquished

Notes
Turn   | Place    | Note
-------+----------+-------------------------------------------
     0 | D:1      | pokeman the Deep Elf Hedge Wizard began the quest for the
                  | Orb.
     0 | D:1      | Reached XP level 1. HP: 10/10 MP: 7/7
   344 | D:1      | Reached XP level 2. HP: 16/16 MP: 2/9
   796 | D:1      | Reached skill level 5 in Spellcasting
  1183 | D:1      | Reached XP level 3. HP: 20/20 MP: 6/11
  1187 | D:1      | Learned a level 3 spell: Mephitic Cloud
  1190 | D:1      | Learned a level 2 spell: Call Imp
  1193 | D:1      | Learned a level 2 spell: Blink
  1197 | D:1      | Learned a level 3 spell: Conjure Flame
  1577 | D:2      | Reached skill level 1 in Fighting
  1659 | D:2      | Reached skill level 1 in Armour
  1732 | D:2      | Found a glowing golden altar of the Shining One.
  1847 | D:2      | Found a faded altar of an unknown god.
  1907 | D:2      | Noticed Robin
  2054 | D:2      | Reached XP level 4. HP: 25/25 MP: 11/13
  2690 | D:2      | Killed Robin
  3011 | D:3      | Reached skill level 1 in Fire Magic
  3014 | D:3      | Reached skill level 6 in Spellcasting
  3073 | D:3      | Reached XP level 5. HP: 16/29 MP: 2/15
  3406 | D:3      | Noticed Terence
  3533 | D:3      | Killed Terence
  3716 | D:3      | Noticed Pargi
  3743 | D:3      | Killed Pargi
  3744 | D:3      | Reached skill level 1 in Ice Magic
  3744 | D:3      | Reached XP level 6. HP: 34/34 MP: 0/17
  3930 | D:3      | Noticed Natasha
  3940 | D:3      | Killed Natasha
  4100 | D:3      | Noticed Natasha
  4107 | D:3      | Killed Natasha
  4130 | D:3      | Noticed Natasha
  4143 | D:3      | Killed Natasha
  4144 | D:3      | Reached skill level 7 in Spellcasting
  4295 | D:4      | Noticed an ice beast
  4489 | D:4      | Reached skill level 1 in Air Magic
  4489 | D:4      | Reached skill level 1 in Evocations
  4868 | D:4      | Noticed Edmund
  4882 | D:4      | Killed Edmund
  4883 | D:4      | Reached skill level 1 in Poison Magic
  4883 | D:4      | Reached XP level 7. HP: 32/38 MP: 14/20
  4945 | D:4      | Reached skill level 8 in Spellcasting
  5146 | D:4      | Found a snail-covered altar of Cheibriados.
  5168 | D:4      | Slain by an ice beast

Illustrated notes

Levels and vault maps discovered:
D:1:      minmay_arrival_diagonal_passages, layout_basic, serial_rivers,
          chequers_serial_rivers_micro_b, chequers_serial_rivers_micro_e,
          chequers_serial_rivers_large_a, chequers_serial_rivers_micro_c,
          chequers_serial_rivers_marsh
D:2:      layout_basic, shapermc_ecumenical_altar_acropolis, basic_altar,
          uniq_robin
D:3:      layout_loops_ring, uniq_terence, uniq_natasha, uniq_pargi
D:4:      layout_gridville, slow_altar_2, minmay_temple_entry_grid, uniq_edmund

Skill      XL: |  1  2  3  4  5  6  7 |
---------------+----------------------+-----
Spellcasting   | 5 6 7 8 |  8.0
Fighting       | 1 |  1.7
Conjurations   | 2 3 |  3.9
Armour         | 1 |  1.0
Fire Magic     | 1 |  1.4
Dodging        | 3 |  3.0
Stealth        | 3 |  3.1
Ice Magic      | 1 |  1.4
Air Magic      | 1 |  1.0
Evocations     | 1 |  1.0
Poison Magic   | 1 |  1.2
Summonings     | |  1.1
Translocations | |  1.1

Action                   |  1- 3 |  4- 6 |  7- 9 || total
-------------------------+-------+-------+-------++-------
Melee: Staff             |       |    18 |       ||    18
       Spear             |       |    12 |       ||    12
       Dagger            |       |     5 |     7 ||    12
       Flail             |       |       |     4 ||     4
 Cast: Magic Dart        |   106 |   119 |    24 ||   249
       Call Imp          |     2 |     1 |     3 ||     6
       Mephitic Cloud    |       |    15 |       ||    15
       Conjure Flame     |       |    10 |     3 ||    13
       Blink             |       |     1 |     3 ||     4
 Stab: Confused          |       |     2 |       ||     2
Armor: Robe              |     3 |     1 |       ||     4
       Leather armour    |       |     5 |     9 ||    14
Dodge: Dodged            |     4 |    38 |    20 ||    62

Table legend: (Time is in decaauts)
 A = Elapsed time spent in this place.
 B = Non-inter-level travel time spent in this place.
 C = Inter-level travel time spent in this place.
 D = Time resting spent in this place.
 E = Time spent auto-exploring this place.
 F = Levels seen in this place.
 G = Mean time per level.
                   A        B        C        D        E       F      G
               +--------+--------+--------+--------+--------+-----+--------+
         Total |   5183 |   5040 |    143 |    408 |   3702 |   4 | 1295.8 |
       Dungeon |   5183 |   5040 |    143 |    408 |   3702 |   4 | 1295.8 |
               +--------+--------+--------+--------+--------+-----+--------+

Top non-repeatable levels by time:
     D:3: 1456 daAuts
     D:1: 1418 daAuts
     D:2: 1389 daAuts
     D:4: 918 daAuts
